 Yiufcrawl Soup (a DCSS fork) version 1.3-2-g287442a (webtiles) character file.

40 Blackhawk the Digger (level 3, -3/26 HPs)
             Began as a Lava Orc Earth Elementalist on Mar 7, 2017.
             Killed from afar by Natasha (5 damage)
             ... with a magic dart
             ... on level 2 of the Dungeon.
             The game lasted 00:05:03 (2074 turns).

Blackhawk the Digger (Lava Orc Earth Elementalist)  Turns: 2074, Time: 00:05:03

Health: -3/26      AC:  2    Str: 14    XL:     3   Next: 14%
Magic:  3/6        EV: 12    Int: 16    God:
Gold:   52         SH:  0    Dex: 11    Spells: 0/6 levels left

rFire    + + +     SeeInvis .   k - -3 dagger (curse)
rCold    x . .     Gourm    .   c - +0 robe
rNeg     . . .     Faith    .   (no shield)
rPois    .         Spirit   .   (no helmet)
rElec    .         Reflect  .   (no cloak)
rCorr    .         Harm     .   (no gloves)
MR       .....                  (no boots)
Stlth    ++........             (no amulet)
Regen    0.1/turn               h - +4 ring of strength
MPRegen  0.1/turn               a - ring of wizardry

@: slowed, very slow
A: temperature effects, low MR
a: no special abilities


You were on level 2 of the Dungeon.
You were not hungry.

You visited 1 branch of the dungeon, and saw 2 of its levels.

You collected 52 gold pieces.

Inventory:

Hand Weapons
 j - a +0 dagger
 k - a cursed -3 dagger (weapon)
Missiles
 b - 11 stones (quivered)
Armour
 c - a +0 robe (worn)
Jewellery
 a - a ring of wizardry (left hand)
 h - a +4 ring of strength (right hand)
Scrolls
 g - a scroll of identify
 i - a scroll of random uselessness
Potions
 f - a potion of lignification {unknown}
Books
 e - a book of Geomancy

   Spells                             Type                      Level
   a - Sandblast                      Earth                        1
   b - Passwall                       Transmutation/Earth          2
   c - Stone Arrow                    Conjuration/Earth            3
   d - Petrify                        Transmutation/Earth          4
   e - Lee's Rapid Deconstruction     Earth                        5
Comestibles
 d - a bread ration
 l - 5 chunks of flesh


   Skills:
 + Level 0.2 Fighting
 + Level 1.5 Dodging
 + Level 1.9 Stealth
 + Level 1.3 Unarmed Combat
 + Level 2.1 Spellcasting
 + Level 1.0 Transmutations
 + Level 3.7 Earth Magic


You couldn't memorise any spells.
You knew the following spells:

 Your Spells              Type           Power        Failure   Level  Hunger
a - Sandblast             Erth           ###...       2%          1    #......
b - Stone Arrow           Conj/Erth      ##....       14%         3    ###....
c - Passwall              Tmut/Erth      ##........   6%          2    ###....


Dungeon Overview and Level Annotations

Branches:
Dungeon (2/15)

Altars:

Annotations:
D:2 Natasha


Message History

Natasha misses you. Natasha casts a spell at you. The magic dart hits you!
Natasha casts a spell.
Natasha casts a spell at you. The magic dart hits you!
* * * LOW HITPOINT WARNING * * *
The white imp laughs crazily.
The crimson imp disappears in a puff of smoke!
You feel yourself speed up.
The white imp disappears in a puff of smoke!
Natasha is burned by your radiant heat.
Natasha is moderately wounded.
Natasha barely misses you.
Found a stone staircase leading up.
Natasha stares at you and mumbles some strange words.
You feel yourself slow down. Natasha casts a spell at you.
The magic dart hits you!
You die...

#.#
#.#
#.#
#.#
#5#
#.#
#h#
#.#
#@#
#..#
##.#
<#
.#
.#
.#
.#


You could see Natasha and a crimson imp.

Vanquished Creatures
  An adder (D:2)
  An ooze (D:1)
  2 dart slugs (D:1)
  A leopard gecko (D:1)
  A ball python (D:2)
  A bat (D:1)
  3 goblins (D:1)
  6 hobgoblins (D:1)
  A kobold (D:1)
  4 rats (D:1)
21 creatures vanquished.

Notes
Turn   | Place    | Note
-------+----------+-------------------------------------------
     0 | D:1      | Blackhawk the Lava Orc Earth Elementalist began the quest for the Orb.
     0 | D:1      | Reached XP level 1. HP: 14/14 MP: 3/3
   523 | D:1      | Reached XP level 2. HP: 15/20 MP: 0/5
  1764 | D:1      | Reached skill level 1 in Unarmed Combat
  1975 | D:2      | Reached XP level 3. HP: 26/26 MP: 4/6
  2008 | D:2      | Learned a level 3 spell: Stone Arrow
  2011 | D:2      | Learned a level 2 spell: Passwall
  2046 | D:2      | Noticed Natasha
  2066 | D:2      | HP: 1/26 [Natasha/magic dart (7)]
  2074 | D:2      | Killed from afar by Natasha

Skill      XL: |  1  2 |
---------------+-------+-----
Spellcasting   | 2 |  2.1
Unarmed Combat | 1 |  1.3
Fighting       | |  0.2
Dodging        | |  1.5
Stealth        | |  1.9
Transmutations | |  1.0
Earth Magic    | |  3.7

Action                   || total
-------------------------++-------
Melee: Unarmed           ||    65
       Dagger            ||    48
       Punch             ||     1
 Cast: Sandblast         ||    19
       Stone Arrow       ||     2
  Use: Scroll            ||     1
 Stab: Distracted        ||     1
       Sleeping          ||     1
  Eat: Chunk             ||     4
Armor: Robe              ||    52
Dodge: Dodged            ||    80
